PUBA
EL PASO TEXANS @ KNOXVILLE SMOKIES
05/07/1972
 
TOP OF THE 1ST
El Paso Texans batting - Pitching for Knoxville Smokies : RHP Barry McDaniel
Pitching: RHP Barry McDaniel
Batting: RHB Tadasuke Kobayashi 0-0: Ball
1-0: Called Strike
1-1: Called Strike
1-2: Strikes out swinging
Batting: LHB Jim Mason 0-0: Fly out, F7 (Flyball, 7D, EV 98.1 MPH)
Batting: SHB William Hoffman 0-0: Called Strike
0-1: Foul Ball, location: 7LDF
0-2: Strikes out swinging
Top of the 1st over - 0 runs, 0 hits, 0 errors, 0 left on base; El Paso 0 - Knoxville 0
BOTTOM OF THE 1ST
Knoxville Smokies batting - Pitching for El Paso Texans : LHP Júlio Núñez
Pitching: LHP Júlio Núñez
Batting: RHB Anastasio Lona 0-0: Called Strike
0-1: Ball
1-1: Called Strike
1-2: Ball
2-2: Ground out 5-3 (Groundball, 5S, EV 68.1 MPH)
Batting: RHB Felipe Garza 0-0: Ball
1-0: Ball
2-0: Called Strike
2-1: DOUBLE (Flyball, 89XD, EV 95.6 MPH)
Batting: LHB Angus Canavan 0-0: Ball
1-0: Ball
Felipe Garza steals 3rd base
2-0: Ball
3-0: Called Strike
3-1: Called Strike
3-2: Foul Ball, location: 7LDF
3-2: Base on Balls
Batting: SHB John Bryant 0-0: Ball
1-0: Ball
Wild Pitch!
Felipe Garza scores
Angus Canavan to second
2-0: Ball
3-0: Called Strike
3-1: Swinging Strike
3-2: Strikes out looking
Batting: RHB Luis Alvarado 0-0: Ball
1-0: Foul Ball, location: 7LSF
1-1: Ground out 5-3 (Groundball, 56, EV 82.5 MPH)
Bottom of the 1st over - 1 run, 1 hit, 0 errors, 1 left on base; El Paso 0 - Knoxville 1
TOP OF THE 2ND
El Paso Texans batting - Pitching for Knoxville Smokies : RHP Barry McDaniel
Batting: LHB Chae-ung Pak 0-0: Swinging Strike
0-1: Foul Ball, location: 25F
0-2: Ball
1-2: Foul Ball, location: 7LSF
1-2: Ball
2-2: Strikes out swinging
Batting: RHB Domingo García 0-0: Ball
1-0: Ball
2-0: Ball
3-0: Called Strike
3-1: Base on Balls
Batting: LHB Erik Baxter 0-0: Called Strike
0-1: Ball
1-1: Ball
2-1: Ball
3-1: Called Strike
3-2: Grounds into double play, 6-4-3 (Groundball, 56, EV 96.9 MPH)
Top of the 2nd over - 0 runs, 0 hits, 0 errors, 0 left on base; El Paso 0 - Knoxville 1
BOTTOM OF THE 2ND
Knoxville Smokies batting - Pitching for El Paso Texans : LHP Júlio Núñez
Batting: LHB Roy Jackson 0-0: Swinging Strike
0-1: Called Strike
0-2: Ball
1-2: SINGLE (Line Drive, 8RS, EV 89.4 MPH)
Batting: RHB Colton Brown 0-0: Ball
1-0: Foul Ball, location: 9LSF
1-1: Ball
2-1: Fly out, F8 (Flyball, 8RXD, EV 81.9 MPH)
Runner from 1st tags up, SAFE at 2nd
Batting: RHB Cecil Olsen 0-0: Foul Ball, location: 25F
0-1: Swinging Strike
0-2: Ball
1-2: Ground out 1-3 (Groundball, 25, EV 73.8 MPH)
Batting: RHB Carlos Castro 0-0: Ball
1-0: Ball
2-0: Ball
3-0: Called Strike
3-1: Foul Ball, location: 7LDF
3-2: Base on Balls
Batting: RHB Anastasio Lona 0-0: Ball
1-0: Ball
2-0: SINGLE (Line Drive, 5L, EV 100.0 MPH)
Roy Jackson to third
Carlos Castro to second
Runner from 3rd tries for Home, SAFE, throw by LF to home
Batting: RHB Felipe Garza 0-0: Foul Ball, location: 3F
0-1: SINGLE (Flyball, 89S, EV 95.0 MPH)
Carlos Castro to third
Anastasio Lona to second
Batting: LHB Angus Canavan 0-0: Ball
1-0: GRAND SLAM HOME RUN (Flyball, 89XD, EV 105.0 MPH), Distance : 409 ft
Batting: SHB John Bryant 0-0: Ball
1-0: Ball
2-0: Called Strike
2-1: Swinging Strike
2-2: Foul Ball, location: 2F
2-2: Strikes out swinging
Bottom of the 2nd over - 5 runs, 4 hits, 0 errors, 0 left on base; El Paso 0 - Knoxville 6
TOP OF THE 3RD
El Paso Texans batting - Pitching for Knoxville Smokies : RHP Barry McDaniel
Batting: RHB Soini Paatelainen 0-0: Called Strike
0-1: Ball
1-1: Foul Ball, location: 2F
1-2: Ground out 1-3 (Groundball, 15S, EV 62.5 MPH)
Batting: SHB Bill Greer 0-0: Ball
1-0: Ball
2-0: Called Strike
2-1: Ground out 2-3 (Groundball, 13S, EV 73.8 MPH)
Batting: LHB Tasuku Nakamura 0-0: Called Strike
0-1: Ball
1-1: Ball
2-1: Ball
3-1: Base on Balls
Batting: RHB Tadasuke Kobayashi 0-0: Ground out 5-3 (Groundball, 56S, EV 78.8 MPH)
Top of the 3rd over - 0 runs, 0 hits, 0 errors, 1 left on base; El Paso 0 - Knoxville 6
BOTTOM OF THE 3RD
Knoxville Smokies batting - Pitching for El Paso Texans : LHP Júlio Núñez
Pitching: RHP Edward Larson
Batting: RHB Luis Alvarado 0-0: Ball
1-0: Foul Ball, location: 9LSF
1-1: Called Strike
1-2: Ball
2-2: Ball
3-2: Strikes out swinging
Batting: LHB Roy Jackson 0-0: Called Strike
0-1: Ball
1-1: Ball
2-1: Called Strike
2-2: Strikes out swinging
Batting: RHB Colton Brown 0-0: Called Strike
0-1: Ball
1-1: Ball
2-1: Foul Ball, location: 9LDF
2-2: DOUBLE (Flyball, 8RXD, EV 87.5 MPH)
Batting: RHB Cecil Olsen 0-0: Called Strike
0-1: Ball
1-1: Swinging Strike
1-2: Ball
2-2: Foul Ball, location: 23FF
2-2: Ball
3-2: Ground out 6-3 (Groundball, 6S, EV 83.1 MPH)
Bottom of the 3rd over - 0 runs, 1 hit, 0 errors, 1 left on base; El Paso 0 - Knoxville 6
TOP OF THE 4TH
El Paso Texans batting - Pitching for Knoxville Smokies : RHP Barry McDaniel
Batting: LHB Jim Mason 0-0: Ball
1-0: Called Strike
1-1: Ball
2-1: DOUBLE (Line Drive, 9LM, EV 103.1 MPH)
Batting: SHB William Hoffman 0-0: Swinging Strike
0-1: Ball
1-1: Ball
2-1: Fly out, F9 (Line Drive, 9LM, EV 87.5 MPH)
Batting: LHB Chae-ung Pak 0-0: Ball
1-0: Foul Ball, location: 23F
1-1: Called Strike
1-2: Strikes out swinging
Batting: RHB Domingo García 0-0: Ball
1-0: Fly out, F8 (Flyball, 8RM, EV 86.9 MPH)
Top of the 4th over - 0 runs, 1 hit, 0 errors, 1 left on base; El Paso 0 - Knoxville 6
BOTTOM OF THE 4TH
Knoxville Smokies batting - Pitching for El Paso Texans : RHP Edward Larson
Batting: RHB Carlos Castro 0-0: Called Strike
0-1: Called Strike
0-2: Ball
1-2: Ball
2-2: Ball
3-2: Foul Ball, location: 2F
3-2: Foul Ball, location: 7LDF
3-2: Ground out 6-3 (Groundball, 6, EV 81.3 MPH)
Batting: RHB Anastasio Lona 0-0: Ball
1-0: Ball
2-0: Called Strike
2-1: Ball
3-1: Base on Balls
Batting: RHB Felipe Garza 0-0: Called Strike
0-1: Called Strike
Anastasio Lona is caught stealing 2nd base 2-4
0-2: Foul Ball, location: 7LDF
0-2: Fly out, F9 (Flyball, 89D, EV 95.0 MPH)
Bottom of the 4th over - 0 runs, 0 hits, 0 errors, 0 left on base; El Paso 0 - Knoxville 6
TOP OF THE 5TH
El Paso Texans batting - Pitching for Knoxville Smokies : RHP Barry McDaniel
Pitching: LHP Dave Lemonds
Batting: LHB Erik Baxter 0-0: Called Strike
0-1: Called Strike
0-2: Ball
1-2: Foul Ball, location: 5F
1-2: Fly out, F8 (Flyball, 8LD, EV 91.9 MPH)
Batting: RHB Soini Paatelainen 0-0: Called Strike
0-1: Ball
1-1: Ball
2-1: Called Strike
2-2: Strikes out looking
Batting: SHB Bill Greer 0-0: Ground out 5-3 (Groundball, 5, EV 83.1 MPH)
Top of the 5th over - 0 runs, 0 hits, 0 errors, 0 left on base; El Paso 0 - Knoxville 6
BOTTOM OF THE 5TH
Knoxville Smokies batting - Pitching for El Paso Texans : RHP Edward Larson
Batting: LHB Angus Canavan 0-0: SINGLE (Line Drive, 7S, EV 101.3 MPH)
Batting: SHB John Bryant 0-0: Ball
1-0: Swinging Strike
1-1: Swinging Strike
1-2: Fly out, F8 (Flyball, 8LD, EV 85.6 MPH)
Batting: RHB Luis Alvarado 0-0: Ball
1-0: Ball
Angus Canavan is caught stealing 2nd base 2-4
2-0: Foul Ball, location: 2F
2-1: Swinging Strike
2-2: Foul Ball, location: 3F
2-2: Ground out 6-3 (Groundball, 6MD, EV 98.8 MPH)
Bottom of the 5th over - 0 runs, 1 hit, 0 errors, 0 left on base; El Paso 0 - Knoxville 6
TOP OF THE 6TH
El Paso Texans batting - Pitching for Knoxville Smokies : LHP Dave Lemonds
Batting: LHB Tasuku Nakamura 0-0: Called Strike
0-1: Ground out 5-3 (Groundball, 25, EV 80.6 MPH)
Batting: RHB Tadasuke Kobayashi 0-0: Called Strike
0-1: Foul Ball, location: 7LMF
0-2: Foul Ball, location: 25F
0-2: Foul Ball, location: 2F
0-2: Foul Ball, location: 5F
0-2: Foul Ball, location: 2F
0-2: Foul Ball, location: 9LMF
0-2: Ball
1-2: Ground out U3 (Groundball, 34S, EV 85.0 MPH)
Batting: LHB Jim Mason 0-0: Ball
1-0: Called Strike
1-1: Fly out, F5 (Popup, 56S, EV 74.4 MPH)
Top of the 6th over - 0 runs, 0 hits, 0 errors, 0 left on base; El Paso 0 - Knoxville 6
BOTTOM OF THE 6TH
Knoxville Smokies batting - Pitching for El Paso Texans : RHP Edward Larson
Batting: LHB Roy Jackson 0-0: Foul Ball, location: 2F
0-1: Ball
1-1: Foul Ball, location: 7LSFF
1-2: Foul Ball, location: 2F
1-2: Ball
2-2: Ball
3-2: SOLO HOME RUN (Flyball, 7D, EV 96.9 MPH), Distance : 371 ft
Batting: RHB Colton Brown 0-0: Called Strike
0-1: Ball
1-1: Ball
2-1: Fly out, F8 (Flyball, 8RD, EV 88.1 MPH)
Batting: RHB Cecil Olsen 0-0: Called Strike
0-1: Ground out 1-3 (Groundball, 13, EV 71.3 MPH)
Batting: RHB Carlos Castro 0-0: Ball
1-0: Called Strike
1-1: Ball
2-1: Foul Ball, location: 9LMF
2-2: Foul Ball, location: 2F
2-2: Ball
3-2: Foul Ball, location: 7LSFF
3-2: Foul Ball, location: 5F
3-2: Foul Ball, location: 25F
3-2: Foul Ball, location: 9LSF
3-2: SOLO HOME RUN (Flyball, 78XD, EV 108.8 MPH), Distance : 405 ft
Batting: RHB Anastasio Lona 0-0: Foul Ball, location: 3FF
0-1: Ball
1-1: Ball
2-1: Reached on error, E6 (Groundball, 6, EV 100.6 MPH)
Batting: RHB Felipe Garza 0-0: Ball
Wild Pitch!
Anastasio Lona to second
1-0: Foul Ball, location: 9LDF
1-1: Ball
2-1: Foul Ball, location: 25F
2-2: Foul Ball, location: 2F
2-2: Ball
3-2: Foul Ball, location: 2F
3-2: 2-RUN HOME RUN (Flyball, 78XD, EV 108.1 MPH), Distance : 411 ft
Batting: LHB Angus Canavan 0-0: Fly out, F8 (Flyball, 89D, EV 104.4 MPH)
Bottom of the 6th over - 4 runs, 3 hits, 1 error, 0 left on base; El Paso 0 - Knoxville 10
TOP OF THE 7TH
El Paso Texans batting - Pitching for Knoxville Smokies : LHP Dave Lemonds
Batting: SHB William Hoffman 0-0: Called Strike
0-1: Ball
1-1: Fly out, F7 (Flyball, 7, EV 76.3 MPH)
Batting: LHB Chae-ung Pak 0-0: Called Strike
0-1: Ball
1-1: Ground out 6-3 (Groundball, 6, EV 101.3 MPH)
Batting: RHB Domingo García 0-0: Swinging Strike
0-1: Ball
1-1: Ball
2-1: Ball
3-1: Fly out, F4 (Popup, 4, EV 52.5 MPH)
Top of the 7th over - 0 runs, 0 hits, 0 errors, 0 left on base; El Paso 0 - Knoxville 10
BOTTOM OF THE 7TH
Knoxville Smokies batting - Pitching for El Paso Texans : RHP Edward Larson
Pitching: RHP Jeff Hernández
Batting: SHB John Bryant 0-0: Hit by Pitch
Batting: RHB Luis Alvarado 0-0: Grounds into double play, 1-4-3 (Groundball, 15S, EV 63.1 MPH)
Batting: LHB Roy Jackson 0-0: Swinging Strike
0-1: Called Strike
0-2: Ball
1-2: Strikes out swinging
Bottom of the 7th over - 0 runs, 0 hits, 0 errors, 0 left on base; El Paso 0 - Knoxville 10
TOP OF THE 8TH
El Paso Texans batting - Pitching for Knoxville Smokies : LHP Dave Lemonds
Pinch Hitting: RHB Jorge Elizondo 0-0: Ball
1-0: Called Strike
1-1: Swinging Strike
1-2: Ball
2-2: Foul Ball, location: 7LDF
2-2: Foul Ball, location: 9LMF
2-2: DOUBLE (Line Drive, 3D, EV 94.4 MPH)
Pitching: RHP Alec Distaso
Batting: RHB Soini Paatelainen 0-0: SINGLE (Groundball, P, EV 83.1 MPH) (infield hit)
Jorge Elizondo to third
Batting: SHB Bill Greer 0-0: Grounds into double play, 6-4-3 (Groundball, 6M, EV 106.3 MPH)
Batting: LHB Tasuku Nakamura 0-0: Swinging Strike
0-1: Foul Ball, location: 9LMF
0-2: Ball
1-2: Foul Ball, location: 2F
1-2: Strikes out swinging
Top of the 8th over - 0 runs, 2 hits, 0 errors, 1 left on base; El Paso 0 - Knoxville 10
BOTTOM OF THE 8TH
Knoxville Smokies batting - Pitching for El Paso Texans : RHP Jeff Hernández
Now at 1B: Jorge Elizondo
Batting: RHB Colton Brown 0-0: Ball
1-0: Swinging Strike
1-1: Swinging Strike
1-2: SINGLE (Line Drive, 8LS, EV 105.6 MPH)
Batting: RHB Cecil Olsen 0-0: Called Strike
0-1: Ball
1-1: Called Strike
1-2: Foul Ball, location: 25F
1-2: Strikes out swinging
Batting: RHB Carlos Castro 0-0: Ball
1-0: Ball
2-0: Ball
3-0: Base on Balls
Colton Brown to second
Pinch Hitting: RHB Andy Scrivener 0-0: Ball
1-0: Ball
2-0: Ground out 4-3 (Groundball, 34D, EV 94.4 MPH)
Colton Brown to third
Carlos Castro to second
Batting: RHB Felipe Garza 0-0: Ball
1-0: Swinging Strike
1-1: Called Strike
1-2: Fly out, F9 (Flyball, 89D, EV 95.0 MPH)
Bottom of the 8th over - 0 runs, 1 hit, 0 errors, 2 left on base; El Paso 0 - Knoxville 10
TOP OF THE 9TH
El Paso Texans batting - Pitching for Knoxville Smokies : RHP Alec Distaso
Now in RF: Andy Scrivener
Batting: RHB Tadasuke Kobayashi 0-0: Ball
1-0: Foul Ball, location: 2F
1-1: Foul Ball, location: 23F
1-2: Foul Ball, location: 3FF
1-2: Ball
2-2: SINGLE (Groundball, 4D, EV 84.4 MPH) (infield hit)
Batting: LHB Jim Mason 0-0: Called Strike
0-1: Foul Ball, location: 5SF
0-2: Ball
1-2: Foul Ball, location: 5F
1-2: Strikes out swinging
Batting: SHB William Hoffman 0-0: Grounds into double play, 4-6-3 (Groundball, 4, EV 105.0 MPH)
Top of the 9th over - 0 runs, 1 hit, 0 errors, 0 left on base; El Paso 0 - Knoxville 10
Wednesday, March 6th , 2024 - OOTP Baseball 24.8 Build 75